 Dungeon Crawl Stone Soup version bcrawl-1.19.2 (webtiles) character file.

Game seed: 6245241682581393286

102 Artagas the Gusty (level 4, 0/24 HPs)
             Began as an Avariel Air Elementalist on Dec 12, 2019.
             Slain by a bullfrog skeleton (7 damage)
             ... on level 3 of the Dungeon on Dec 13, 2019.
             The game lasted 00:03:39 (2602 turns).

Artagas the Gusty (Avariel Air Elementalist)        Turns: 2602, Time: 00:03:39

Health: 0/24       AC:  3    Str:  6    XL:     4   Next: 77%
Magic:  4/10       EV: 18    Int: 22    God:
Gold:   233        SH:  0    Dex: 18    Spells: 3/9 levels left

rFire    . . .     SeeInvis .   o - +4 quarterstaff (chaos)
rCold    . . .     Gourm    .   (shield currently unavailable)
rNeg     . . .     Faith    .   a - +0 robe
rPois    .         Spirit   .   (no helmet)
rElec    .         Reflect  .   n - +0 cloak
rCorr    .         Harm     .   (no gloves)
MR       .....                  (no boots)
Stlth    +++.......             j - amulet of magic regeneration
HPRegen  0.08/turn              (no ring)
MPRegen  0.37/turn              (no ring)

@: agile, very slightly contaminated
A: no striking features
a: no special abilities


You were on level 3 of the Dungeon.
You were near starving.

You visited 1 branch of the dungeon, and saw 3 of its levels.

You collected 233 gold pieces.

Inventory:

Hand Weapons
 i - a +1 short sword of electrocution
   (You took it off a kobold on level 1 of the Dungeon)
 o - a +4 quarterstaff of chaos (weapon)
   (You took it off Crazy Yiuf on level 2 of the Dungeon)
Missiles
 d - 3 throwing nets (quivered) {!f}
Armour
 a - a +0 robe (worn)
 n - a +0 cloak (worn)
   (You took it off Crazy Yiuf on level 2 of the Dungeon)
Jewellery
 j - an amulet of magic regeneration (around neck)
   (You found it on level 3 of the Dungeon)
Scrolls
 f - a scroll of teleportation {unknown}
 m - a scroll of fear {unknown}
 w - a scroll of remove curse
Potions
 b - a potion of lignification {unknown}
 c - a potion of flight
 g - a potion of degeneration {unknown}
 h - a potion of heal wounds {unknown}
 l - a potion of haste {unknown}
Comestibles
 e - 3 rations {!d}


   Skills:
 - Level 2.1 Dodging
 - Level 2.1 Stealth
 + Level 3.0 Spellcasting
 - Level 1.3 Conjurations
 + Level 6.9 Air Magic


You had 3 spell levels left.
You knew the following spells:

 Your Spells              Type           Power        Failure   Level  Hunger
a - Shock                 Conj/Air       ###..        2%          1    None
b - Static Discharge      Air            ####....     2%          3    ###....
e - Swiftness             Chrm/Air       ###.....     4%          2    ##.....

Your spell library contained the following spells:

 Spells                   Type           Power        Failure   Level  Hunger
 Airstrike                Air            ####......   7%          4    ####...
 Lightning Bolt           Conj/Air       ###.......   52%         5    ######.


Dungeon Overview and Level Annotations

Branches:
Dungeon (3/12)

Altars:
Cheibriados
Qazlal


Message History

There is an entrance to a sewer on this level.
Hurry and find it before the portal rusts away!
Found a scroll labeled BONIDU ZUSCH.
Found a stone staircase leading up.
There is a stone staircase leading up here.
As you read the scroll labeled DEUTUG RUOTOO, it crumbles to dust.
It is a scroll of identify.
f - a scroll of remove curse;
w - a scroll of remove curse
r - a scroll of identify
Okay, then.
You aren't carrying any pieces of jewellery.
Unknown command.
As you read the scroll of identify, it crumbles to dust.
j - a potion of agility;
s - a potion of agility An orc comes into view.
It is wielding a +0 hand axe.
Found 10 gold pieces.
Casting: Shock (safe; 2% risk of failure)
Confirm with . or Enter, or press ? or * to list all spells.
Aiming: Shock (safe; 2% risk of failure)
Press: ? - help, Shift-Dir - straight line, f - orc
Aim: an orc, wielding a +0 hand axe The zap hits the orc.
The orc is lightly wounded.
Casting: Shock (safe; 2% risk of failure)
Confirm with . or Enter, or press ? or * to list all spells.
Aiming: Shock (safe; 2% risk of failure)
Press: ? - help, Shift-Dir - straight line, f/p - orc
Aim: an orc, wielding a +0 hand axe (lightly wounded)
The zap hits the orc.
The orc is heavily wounded.
Casting: Shock (safe; 2% risk of failure)
Confirm with . or Enter, or press ? or * to list all spells.
Aiming: Shock (safe; 2% risk of failure)
Press: ? - help, Shift-Dir - straight line, f/p - orc
Aim: an orc, wielding a +0 hand axe (heavily wounded)
The zap hits the orc.
You kill the orc!
You start resting.
You hear the slow rusting of a drain nearby.
You start resting.
You are near starving!
Found a ration.
f - a scroll labeled BONIDU ZUSCH
e - 3 rations {!d} (gained 1)
Found a scroll of identify.
You now have 215 gold pieces (gained 10).
You see here a +0 hand axe.
Found a club.
j - a dented cameo amulet You now have 223 gold pieces (gained 8).
Put on which piece of jewellery? (? for menu, Esc to quit)
The amulet hums as it attunes itself to your energized body.
j - an amulet of magic regeneration (around neck)
Things that are here:
a +0 mace; an orc corpse You see here a leather armour.
You now have 233 gold pieces (gained 10).
A bullfrog skeleton comes into view.
You see here a sapphire potion.
Casting: Shock (safe; 2% risk of failure)
Confirm with . or Enter, or press ? or * to list all spells.
Aiming: Shock (safe; 2% risk of failure)
Press: ? - help, Shift-Dir - straight line, f - bullfrog skeleton
Aim: a bullfrog skeleton (resting)
The zap hits the bullfrog skeleton.
The bullfrog skeleton completely resists.
Casting: Shock (safe; 2% risk of failure)
Confirm with . or Enter, or press ? or * to list all spells.
Aiming: Shock (safe; 2% risk of failure)
Press: ? - help, Shift-Dir - straight line, f/p - bullfrog skeleton
Aim: a bullfrog skeleton The zap hits the bullfrog skeleton.
The bullfrog skeleton resists.
The bullfrog skeleton is lightly damaged.
You hear the slow rusting of a distant drain.
Casting: Shock (safe; 2% risk of failure)
Confirm with . or Enter, or press ? or * to list all spells.
Aiming: Shock (safe; 2% risk of failure)
Press: ? - help, Shift-Dir - straight line, f/p - bullfrog skeleton
Aim: a bullfrog skeleton (lightly damaged)
The zap hits the bullfrog skeleton.
The bullfrog skeleton resists.
The bullfrog skeleton is lightly damaged.
Casting: Shock (safe; 2% risk of failure)
Confirm with . or Enter, or press ? or * to list all spells.
You miscast Static Discharge.
You are very lightly contaminated with residual magic.
The wind howls around you!
The bullfrog skeleton hits you but does no damage.
Casting: Static Discharge (safe; 2% risk of failure)
Confirm with . or Enter, or press ? or * to list all spells.
Some blue arcs ground themselves harmlessly.
The bullfrog skeleton hits you! The bullfrog skeleton hits you.
Okay, then.
You feel agile all of a sudden. The bullfrog skeleton misses you.
You hit the bullfrog skeleton.
The bullfrog skeleton suddenly stops moving!
The bullfrog skeleton is lightly damaged.
The bullfrog skeleton is no longer paralysed.
The bullfrog skeleton hits you.
* * * LOW HITPOINT WARNING * * *
The bullfrog skeleton hits you!
You die...

# . .# .. .. ... #.
#### .# ##..##. ..#
.# ....... #.##
.#####
.....#.###..##......
#....!Z@##..........
#.#...#.....<.......
#.#...............
.........[.)....#..
###.#.###.......####
..... #.....[.....
..### ##......##.# .
######.......#...
)................


You could see a bullfrog skeleton.

Vanquished Creatures
  Crazy Yiuf (D:2)
  Jessica (D:3)
  2 dart slugs
  2 orcs (D:3)
  2 ball pythons
  2 giant cockroaches
  4 goblins
  4 hobgoblins
  2 jackals (D:1)
  7 kobolds
  A quokka (D:2)
  2 bats (D:1)
  4 frilled lizards
  6 rats
40 creatures vanquished.

Notes
Turn   | Place    | Note
-------+----------+-------------------------------------------
     0 | D:1      | Artagas the Avariel Air Elementalist began the quest for
                  | the Orb.
     0 | D:1      | Reached XP level 1. HP: 10/10 MP: 6/6
   297 | D:1      | Reached skill level 3 in Spellcasting
   435 | D:1      | Reached XP level 2. HP: 15/15 MP: 6/8
   620 | D:1      | Learned a level 2 spell: Swiftness
   641 | D:1      | Reached skill level 5 in Air Magic
   798 | D:1      | Reached XP level 3. HP: 18/19 MP: 9/9
  1311 | D:2      | Found a stormy altar of Qazlal.
  1321 | D:2      | Learned a level 3 spell: Static Discharge
  1846 | D:2      | Found a runed door.
  2070 | D:2      | Found a snail-covered altar of Cheibriados.
  2407 | D:2      | Noticed Crazy Yiuf
  2411 | D:2      | Killed Crazy Yiuf
  2411 | D:2      | Reached skill level 6 in Air Magic
  2411 | D:2      | Reached XP level 4. HP: 24/24 MP: 3/10
  2495 | D:3      | Noticed Jessica
  2499 | D:3      | Killed Jessica
  2602 | D:3      | Slain by a bullfrog skeleton

Skill      XL: |  1  2  3 |
---------------+----------+-----
Spellcasting   | 3 |  3.0
Air Magic      | 5 6 |  6.9
Dodging        | |  2.1
Stealth        | |  2.1
Conjurations   | |  1.3

Action                   |  1- 3 |  4- 6 || total
-------------------------+-------+-------++-------
Melee: Short sword       |     9 |       ||     9
       Club              |     6 |       ||     6
       Quarterstaff      |       |     1 ||     1
 Cast: Shock             |    55 |    13 ||    68
       Static Discharge  |     1 |     2 ||     3
  Use: Scroll            |       |     2 ||     2
       Potion            |       |     1 ||     1
  Eat: Ration            |     1 |       ||     1
Armor: Robe              |     1 |     1 ||     2
Dodge: Dodged            |    15 |     1 ||    16

Levels and vault maps discovered:
D:1:      doesnt_arrival_eight_statues, layout_basic, minmay_pentomino_z4
D:2:      layout_loops_corners, cheibriados_altar_1, lemuel_crystal_altar,
          dk_vineyard_3, uniq_crazy_yiuf_cottage
D:3:      layout_rooms, old_standard_altar, nicolae_overflow_crystal_walls,
          grunt_dithmenos_smoke_and_mirrors, portal_sewer_entry_d, first_ration,
          feat_on_display, uniq_jessica

Table legend:
 A = Turns spent in this place as a percentage of turns spent in the entire game.
 B = Non-inter-level travel turns spent in this place as a percentage of non-inter-level travel turns spent in the entire game.
 C = Inter-level travel turns spent in this place as a percentage of turns spent in this place.
 D = Turns resting spent in this place as a percentage of non-inter-level travel turns spent in this place.
 E = Turns spent auto-exploring this place as a percentage of non-inter-level travel turns spent in this place.
 F = Non-inter-level travel turns spent in this place divided by the number of levels of this place that you've seen.
                   A       B       C       D       E      F
               +-------+-------+-------+-------+-------+----------------------
         Total | 100.0 | 100.0 |   3.0 |   0.9 |  88.2 | 841.3
       Dungeon | 100.0 | 100.0 |   3.0 |   0.9 |  88.2 | 841.3
               +-------+-------+-------+-------+-------+----------------------

Table legend:
 A = Kills in this place as a percentage of kills in entire the game.
 B = Kills by you in this place as a percentage of kills by you in the entire game.
 C = Kills by friends in this place as a percentage of kills by friends in the entire game.
 D = Other kills in this place as a percentage of other kills in the entire game.
 E = Experience gained in this place as a percentage of experience gained in the entire game.
 F = Experience gained in this place divided by the number of levels of this place that you have seen.
                   A       B       C       D       E      F
               +-------+-------+-------+-------+-------+----------------------
         Total | 100.0 | 100.0 |   N/A |   N/A | 100.0 |  48.7
       Dungeon | 100.0 | 100.0 |   N/A |   N/A | 100.0 |  48.7
               +-------+-------+-------+-------+-------+----------------------
